AoeStats
← gooner

Arena

507209556Analyzed
2v2 RM · 16d ago on Sep 17, 2026· 46m 47s· 4 players
Game mode
Random Map
Map size
Medium (4 player)
Population
200
Speed
Normal
Resources
Standard
Victory
Conquest
Starting age
Dark Age
Ending age
Imperial Age
RankedLock teamsTeams togetherTeam positionsShared explorationLock speedFull tech treeHidden civsTurbo modeCheats
Victory
Defeat
🇺🇸 Franks · United States
711
+16
🇲🇽 Bengalis · Mexico
695
+16
🇮🇳 Mongols · India
708
-16
🇮🇳 Persians · India
707
-16
UBERBULLET
11:55 Feudal Age
16:39 Castle Age
16:37 Double-Bit Axe
16:47 Stone Mining
27:24 Wheelbarrow
27:20 Gold Mining
30:38 Imperial Age
31:42 Forging
32:13 Hand Cart
34:34 Murder Holes
36:36 Elite Skirmisher
37:39 Bow Saw
40:15 #83
41:19 Fletching
42:04 Iron Casting
43:29 Gold Shaft Mining
43:15 Caravan
45:08 Conscription
46:16 Blast Furnace
45:12 Bodkin Arrow
45:18 Scale Mail Armor
45:28 Chivalry
46:07 Pikeman
RicardoIsma02
1:07 Loom
1:47 Loom
2:29 Loom
11:44 Feudal Age
18:25 Castle Age
16:51 Double-Bit Axe
18:32 Horse Collar
19:12 Gold Mining
20:49 Stone Mining
27:28 Heavy Plow
29:35 Wheelbarrow
30:01 Scale Barding Armor
29:57 Scale Mail Armor
30:07 Forging
30:46 Padded Archer Armor
32:08 Chain Barding Armor
32:04 Chain Mail Armor
32:14 Ballistics
39:30 Imperial Age
37:52 Hand Cart
37:22 Town Watch
38:24 Iron Casting
37:54 Light Cavalry
38:44 Bloodlines
38:34 Husbandry
41:47 Elite Elephant Archer
43:40 Gold Shaft Mining
43:50 Paiks
45:21 Town Patrol
48:17 Chemistry
47:54 Plate Barding Armor
48:19 Blast Furnace
47:34 Leather Archer Armor
47:09 Fletching
gooner
11:15 Feudal Age
12:07 Loom
12:13 Loom
12:13 Horse Collar
12:27 Double-Bit Axe
21:20 Castle Age
19:31 Gold Mining
20:06 Stone Mining
20:33 Fletching
20:44 Padded Archer Armor
23:24 Bow Saw
23:32 Thumb Ring
24:07 Bloodlines
25:42 Bodkin Arrow
29:18 Husbandry
30:00 Forging
29:56 Scale Barding Armor
31:29 Iron Casting
33:30 Chain Barding Armor
33:26 Leather Archer Armor
38:52 Imperial Age
38:42 Ballistics
39:18 Masonry
39:58 Conscription
41:32 Elite Steppe Lancer
43:15 Parthian Tactics
43:24 Drill
42:36 Onager
43:04 Light Cavalry
OdenKuttan
1:01 Loom
14:15 Feudal Age
20:17 Castle Age
23:29 Stone Mining
24:18 Wheelbarrow
Connection lost

Rejoining the realm…

Still unreachable

The connection could not be restored.

Session expired

The server has moved on; the page needs a fresh start.